 Dungeon Crawl Stone Soup version 0.31-a0-145-g046c7d2549 (webtiles) character file.

Game seed: 15128215463474091647

518 Irreverend the Shield-Bearer (level 7, 0/55 HPs)
             Began as a Formicid Fighter on June 6, 2023.
             Succumbed to a killer bee's poison
             ... on level 4 of the Dungeon.
             The game lasted 00:04:19 (2607 turns).

Irreverend the Shield-Bearer (Formicid Fighter)     Turns: 2607, Time: 00:04:19

Health: 0/55       AC:  9    Str: 23    XL:     7   Next: 45%
Magic:  7/7        EV:  8    Int:  7    God:
Gold:   167        SH:  5    Dex: 13    Spells: 6/6 levels left

rFire   . . .        a - +0 war axe
rCold   . . .        c - +0 buckler
rNeg    . . .        h - +0 chain mail
rPois   .            (helmet unavailable)
rElec   .            (no cloak)
rCorr   .            (no gloves)
SInv    +            (no boots)
Will    +....        (no amulet) Stlth
                     e - ring of flight
HPRegen 0.29/turn    (no ring)
MPRegen 0.10/turn

%: no passive effects
@: lethally poisoned (0 -> -8), flying, invisible
A: permanent stasis, dig shafts and tunnels, antennae 3, four strong arms,
strong-willed 1, screaming 1
a: Dig, Shaft Self


You were on level 4 of the Dungeon.
You visited 1 branch of the dungeon, and saw 4 of its levels.
You also visited: Sewer.

You collected 167 gold pieces.

Inventory:

Hand Weapons
 a - a +0 war axe (weapon)
Armour
 b - a +0 scale mail
 c - a +0 buckler (worn)
 h - a +0 chain mail (worn)
Jewellery
 e - a ring of flight (left hand)
Wands
 v - a wand of iceblast (6)
Scrolls
 f - 4 scrolls of teleportation {unknown}
 g - 2 scrolls of fog {unknown}
 i - 3 scrolls of identify {unknown}
 j - a scroll of amnesia {unknown}
 m - a scroll of enchant weapon {unknown}
 p - a scroll of blinking {unknown}
 q - a scroll of enchant armour {unknown}
 r - a scroll of immolation {unknown}
 w - a scroll of magic mapping {unknown}
Potions
 d - 3 potions of might
 k - 2 potions of attraction {unknown}
 l - 3 potions of mutation
 n - a potion of ambrosia {unknown}
 o - 2 potions of curing {unknown}
 s - 3 potions of invisibility
 t - a potion of brilliance {unknown}
 u - a potion of haste {unknown}


   Skills:
 + Level 4.8 Fighting
 * Level 5.0 Axes
 + Level 4.9 Armour
 + Level 5.9 Shields


You had 6 spell levels left.
You didn't know any spells.
Your spell library contained the following spells:

 Spells                   Type           Power      Damage    Failure   Level
 Beastly Appendage        Tmut           0%         N/A       97%         1
 Wereblood                Tmut           0%         N/A       99%         2
 Spider Form              Tmut/Pois      0%         N/A       100%        3


Dungeon Overview and Level Annotations

Branches:
Dungeon (4/15)              Sewer (visited)
 Temple: D:4-7

Altars:


Innate Abilities, Weirdness & Mutations

You cannot be hasted, slowed, berserked, paralysed or teleported.
You can dig through walls and to a lower floor.
You have a pair of large antennae on your head. (SInv)
Your four strong arms can wield two-handed weapons with a shield.
You are strong-willed. (Will+)
You occasionally shout uncontrollably at your foes.


Message History

You are too injured to fight recklessly!
You are too injured to fight recklessly!
You are too injured to fight recklessly!
You are too injured to fight recklessly!
You are too injured to fight recklessly!
You are too injured to fight recklessly!
You are too injured to fight recklessly!
You are too injured to fight recklessly!
You are too injured to fight recklessly!
You are too injured to fight recklessly!
You are too injured to fight recklessly!
You are too injured to fight recklessly!
You are too injured to fight recklessly!
You are too injured to fight recklessly!
You are too injured to fight recklessly!
The killer bee attacks as you move away!
The killer bee stings you! The hobgoblin attacks as you move away!
You block the hobgoblin's attack. The killer bee barely misses you.
The killer bee stings you!
* * * LOW HITPOINT WARNING * * *
You are poisoned.
The killer bee poisons you! The killer bee barely misses you.
There is an open door here.
The killer bee attacks as you move away!
The killer bee stings you.
* * * LOW HITPOINT WARNING * * *
You are lethally poisoned!
The killer bee poisons you!
* * * LOW HITPOINT WARNING * * *
You feel very sick.
The killer bee stings you but does no damage.
It was a potion of mutation.
You feel extremely strange.
You feel the urge to shout.
You feel strong-willed.
* * * LOW HITPOINT WARNING * * *
You feel very sick.
The killer bee stings you but does no damage.
You block the killer bee's attack.
It was a potion of invisibility.
You fade into invisibility!
You die...

. ### #.# ... #.# #.# #S.
#.# #.# #.# #.# #.# ##.o#
####.# #.# S##...y##
##.##.# #.#
#.....Sy####.....#######.#
#.....yyy@................
.......g##.......#######.#
.......###.##.##.####....#
#.....# #.##.##......#..#
##...# #....##.##..###..
##+# #..####.#..## ##.
#..# #...## ## #..####..##
# #.........## ##


You could see 5 killer bees, an adder (unable to see you), an orc (unable to see
you), a hobgoblin (unable to see you) and a ball python (unable to see you).

Vanquished Creatures
  3 kobold brigands (Sewer)
  A scorpion (D:4)
  A killer bee (D:4)
  Terence (D:2)
  Natasha (thrice) (D:2)
  5 adders
  A worm (D:3)
  A dart slug (D:2)
  An orc (D:3)
  9 ball pythons
  6 endoplasms
  4 giant cockroaches
  6 hobgoblins
  2 quokkas
  10 bats
  2 frilled lizards (D:3)
  A goblin (D:3)
  10 kobolds
  6 rats
73 creatures vanquished.

Notes
Turn   | Place    | Note
-------+----------+-------------------------------------------
     0 | D:1      | Irreverend the Formicid Fighter began the quest for the
                  | Orb.
     0 | D:1      | Reached XP level 1. HP: 18/18 MP: 1/1
    37 | D:1      | Found a faded altar of an unknown god.
   120 | D:1      | Reached XP level 2. HP: 24/24 MP: 2/2
   718 | D:2      | Reached XP level 3. HP: 16/29 MP: 3/3
   783 | D:2      | Noticed Natasha
   787 | D:2      | Killed Natasha
   788 | D:2      | Reached XP level 4. HP: 32/37 MP: 4/4
   801 | D:2      | Noticed Natasha
   807 | D:2      | Killed Natasha
  1213 | D:2      | Noticed Terence
  1223 | D:2      | Killed Terence
  1224 | D:2      | Reached XP level 5. HP: 34/42 MP: 5/5
  1225 | D:2      | Noticed Natasha
  1236 | D:2      | Killed Natasha
  1520 | D:3      | Reached skill level 5 in Shields
  1613 | D:3      | Found a glowing drain.
  1617 | Sewer    | Entered a sewer
  1668 | Sewer    | Noticed a kobold brigand
  1681 | Sewer    | Killed a kobold brigand
  1682 | Sewer    | Reached XP level 6. HP: 39/49 MP: 6/6
  1872 | Sewer    | Reached XP level 7. HP: 26/55 MP: 7/7
  2604 | D:4      | Reached skill level 5 in Axes
  2606 | D:4      | Gained mutation: You occasionally shout uncontrollably at
                  | your foes. [potion of mutation]
  2606 | D:4      | Gained mutation: You are strong-willed. (Will+) [potion of
                  | mutation]
  2606 | D:4      | HP: 2/55 [poisoned by a killer bee]
  2607 | D:4      | Succumbed to a killer bee's poison

Illustrated notes

Levels and vault maps discovered:
D:1:      minmay_arrival_cross, layout_loops_ring,
          hellmonk_ecumenical_altar_leap_of_faith, minmay_misc_feat_nine_boxes,
          minivault_23, serial_bayou_ford_a, serial_bayou_pond_b
D:2:      layout_rooms, dreamdust_wishing_well, hangedman_decor_opposing,
          uniq_terence, uniq_natasha
D:3:      layout_rooms, gup_sewer_entry_bowl, minmay_hedge_maze
D:4:      layout_loops_corners, nemelex_diamond_rough_becter,
          minmay_pentomino_pile

Skill      XL: |  1  2  3  4  5  6  7 |
---------------+----------------------+-----
Axes           | 3 4 5 |  5.0
Fighting       | 4 |  4.8
Armour         | 4 |  4.9
Shields        | 5 |  5.9

Action                     |  1- 3 |  4- 6 |  7- 9 || total
---------------------------+-------+-------+-------++-------
  Melee: War axe           |    58 |   150 |    26 ||   234
    Use: Potion            |       |       |     2 ||     2
 Armour: Scale mail        |     5 |       |       ||     5
         Chain mail        |    32 |    98 |    22 ||   152
  Dodge: Dodged            |    27 |    86 |     8 ||   121
  Block: Buckler           |    18 |    42 |    11 ||    71

Table legend: (Time is in decaauts)
 A = Elapsed time spent in this place.
 B = Non-inter-level travel time spent in this place.
 C = Inter-level travel time spent in this place.
 D = Time resting spent in this place.
 E = Time spent auto-exploring this place.
 F = Levels seen in this place.
 G = Mean time per level.
                   A        B        C        D        E       F      G
               +--------+--------+--------+--------+--------+-----+--------+
         Total |   2732 |   2604 |    128 |      0 |   1995 |   5 |  546.4 |
       Dungeon |   2282 |   2154 |    128 |      0 |   1700 |   4 |  570.5 |
         Sewer |    449 |    449 |      0 |      0 |    295 |   1 |  449.0 |
               +--------+--------+--------+--------+--------+-----+--------+

Top non-repeatable levels by time:
     D:2: 724 daAuts
     D:1: 710 daAuts
     D:3: 655 daAuts
   Sewer: 449 daAuts
     D:4: 192 daAuts
